 Dungeon Crawl Stone Soup version 0.31.0-11-ge490571c62 (webtiles) character file.

Game seed: 16360966838632424840

704 Killerpretzel the Insei (level 7, -6/46 HPs)
             Began as an Octopode Shapeshifter on Feb 9, 2024.
             Mangled by an iguana (10 damage)
             ... on level 5 of the Dungeon.
             The game lasted 00:13:02 (4663 turns).

Killerpretzel the Insei (Octopode Shapeshifter)     Turns: 4663, Time: 00:13:02

Health: -6/46      AC:  1    Str: 13    XL:     7   Next: 67%
Magic:  7/7        EV: 14    Int: 13    God:
Gold:   183        SH:  7    Dex: 19    Spells: 6/6 levels left

rFire   . . .        m - +4 whip (flame)
rCold   . . .        p - +3 buckler
rNeg    . . .        (helmet currently unavailable)
rPois   .            (no amulet)
rElec   .            d - +6 ring of dexterity
rCorr   .            (no ring)
SInv    .            (no ring)
Will    .....        (no ring)
Stlth   +++          (no ring)
HPRegen 0.27/turn    (no ring)
MPRegen 0.10/turn    (no ring)
                     (no ring)

%: no passive effects
@: beast-form, studying Unarmed Combat
A: beast (slay +3), almost no armour, amphibious, 8 rings, camouflage 1,
gelatinous body 1, (nimble swimmer 1), tentacles
a: Begin Untransformation


You were on level 5 of the Dungeon.
You were a hulking beast.
You visited 1 branch of the dungeon, and saw 5 of its levels.

You collected 183 gold pieces.

Inventory:

Hand Weapons
 m - a +4 whip of flaming (weapon)
Missiles
 h - a throwing net (quivered)
Armour
 p - a +3 buckler (worn)
Jewellery
 d - a +6 ring of dexterity (left tentacle)
Talismans
 b - a beast talisman
 c - a flux talisman
Scrolls
 e - 3 scrolls of blinking
 j - 3 scrolls of fear
Potions
 a - 2 potions of lignification
 f - 2 potions of heal wounds {unknown}
 i - a potion of attraction {unknown}
 k - a potion of curing {unknown}
 n - 2 potions of haste {unknown}


   Skills:
 + Level 3.6 Fighting
 + Level 4.1 Dodging
 + Level 5.7 Unarmed Combat
 * Level 5.5 Shapeshifting


You had 6 spell levels left.
You didn't know any spells.
Your spell library contained the following spells:

 Spells                   Type           Power      Damage    Failure   Level
 Apportation              Tloc           0%         N/A       41%         1
 Necrotise                Necr           0%         1d4       41%         1
 Sting                    Conj/Alch      0%         1d3       41%         1
 Summon Small Mammal      Summ           0%         N/A       41%         1
 Ensorcelled Hibernation  Hex/Ice        0%         N/A       54%         2
 Frozen Ramparts          Ice            0%         1d1       78%         3
 Passwall                 Erth           0%         N/A       78%         3
 Swiftness                Air            0%         N/A       78%         3
 Leda's Liquefaction      Alch/Erth      0%         N/A       99%         4
 Olgreb's Toxic Radiance  Alch           0%         N/A       99%         4
 Petrify                  Alch/Erth      0%         N/A       99%         4
 Metabolic Englaciation   Hex/Ice        0%         N/A       100%        5
 Ozocubu's Refrigeration  Ice            0%         4d7       100%        7
 Discord                  Hex            0%         N/A       100%        8


Dungeon Overview and Level Annotations

Branches:
Dungeon (5/15)
 Temple: D:4-7

Altars:
Fedhas
Wu Jian

Annotations:
D:5 Menkaure


Innate Abilities, Weirdness & Mutations

You are a hulking beast.
Your limbs bulge with bestial killing power. (Slay +3)
You cannot wear most types of armour.
You are amphibious.
You can wear up to eight rings at the same time.
Your skin changes colour to match your surroundings (Stealth+).
Your rubbery body absorbs attacks. (AC +1, EV +1)
((You are camouflaged when in or above water. (Stealth+)))
You have tentacles for arms and can constrict up to eight enemies at once.


Message History

You see here a hound corpse.
The iguana hisses angrily.
The water moccasin bites you.
You are poisoned.
The water moccasin poisons you! The water moccasin closely misses you.
You miss the water moccasin. You grab the water moccasin.
You constrict the water moccasin.
You feel very sick. You block the water moccasin's attack.
You whack the water moccasin! You burn the water moccasin.
You squeeze the water moccasin!
The water moccasin is severely wounded.
You constrict the water moccasin.
You feel sick. The water moccasin bites you. x2
You are more poisoned.
The water moccasin poisons you!
You whack the water moccasin! You burn the water moccasin.
You kill the water moccasin!
You feel very sick.
Your Dodging skill increases to level 4!
An iguana is nearby!
You feel very sick.
You feel very sick.
You feel very sick.
You feel sick.
You feel sick.
You feel sick.
You are confused.
You feel invigorated.
You feel sick.
You feel sick.
You feel sick.
You feel sick. The iguana bites you!
* * * LOW HITPOINT WARNING * * *
You bump into the rock wall.
You feel sick.
You are no longer poisoned.
The iguana bites you!
* * * LOW HITPOINT WARNING * * *
You feel less invigorated.
You feel less confused. The iguana bites you!
You die...

#...........#.##+# #......
#...........#.##.#.#
#......
#..........(#.##.#.#
#......
#...........#.##.#.#
#....##
#.......†.....##.#.#
#...##≈
#.............##.#.#
#...#≈§
...##..[.........#.#
#...#§≈ .
#......####..#.#####...#≈≈
####....lh.............#≈≈
#.#######.#.#...#..##≈§
...# #.......#...#..# #≈
....# #.###..##...#..# #
#.....# #.#.##......#..#
#..... #.#.........+..#
#### ###.#.#####...#..#
#......# ###.#..#
#......######'#..##


You could see an iguana.

Vanquished Creatures
  A water moccasin (D:5)
  2 phantoms
  A centaur (D:3)
  A hound (D:5)
  2 bombardier beetles (D:3)
  A jelly (D:2)
  2 iguanas (D:4)
  4 gnolls
  7 adders
  2 ufetubi (D:5)
  2 ribbon worms
  3 dart slugs
  6 endoplasms
  2 giant cockroaches
  11 goblins
  10 hobgoblins
  4 kobolds
  5 quokkas
  4 ball pythons
  9 bats
  5 frilled lizards
  6 rats
90 creatures vanquished.

Notes
Turn   | Place    | Note
-------+----------+-------------------------------------------
     0 | D:1      | Killerpretzel the Octopode Shapeshifter began the quest for
                  | the Orb.
     0 | D:1      | Reached XP level 1. HP: 13/13 MP: 1/1
   108 | D:1      | Reached XP level 2. HP: 18/18 MP: 2/2
   290 | D:1      | Reached XP level 3. HP: 19/23 MP: 3/3
   723 | D:1      | Identified a scroll of acquirement
   723 | D:1      | Acquired a manual of Unarmed Combat
   831 | D:2      | Found an ornate altar of the Wu Jian Council.
  1111 | D:2      | You fall into a shaft and drop 1 floor!
  1218 | D:3      | Reached XP level 4. HP: 26/29 MP: 4/4
  1374 | D:3      | Found a blossoming altar of Fedhas.
  1498 | D:2      | Reached XP level 5. HP: 33/34 MP: 5/5
  2770 | D:3      | Noticed a centaur
  2789 | D:2      | Reached XP level 6. HP: 14/41 MP: 6/6
  3030 | D:3      | Found a faded altar of an unknown god.
  3525 | D:3      | HP: 1/41 [centaur (3)]
  3838 | D:4      | Reached skill level 5 in Unarmed Combat
  3911 | D:4      | Reached skill level 5 in Shapeshifting
  4024 | D:4      | Reached XP level 7. HP: 39/46 MP: 7/7
  4442 | D:5      | Entered Level 5 of the Dungeon
  4619 | D:5      | Noticed Menkaure
  4662 | D:5      | HP: 1/46 [iguana (13)]
  4663 | D:5      | Mangled by an iguana

Illustrated notes

Levels and vault maps discovered:
D:1:      minmay_arrival_semitransparent, layout_basic, fountainhead
D:2:      layout_basic, basic_altar, minmay_goblin_outpost
D:3:      layout_basic, fedhas_altar_1, ebering_ecumenical_altar_hall
D:4:      layout_cave_pools, minmay_misc_feat_tiny
D:5:      layout_basic, serial_shops, nicolae_shop_stone, gammafunk_ghost_grave,
          grunt_decor_resistance, kennysheep_flooded_box, uniq_menkaure

Skill      XL: |  1  2  3  4  5  6  7 |
---------------+----------------------+-----
Fighting       | 2 3 |  3.6
Shapeshifting  | 4 5 |  5.5
Unarmed Combat | 4 5 |  5.7
Dodging        | 3 4 |  4.1

Action                     |  1- 3 |  4- 6 |  7- 9 || total
---------------------------+-------+-------+-------++-------
  Melee: Unarmed           |    54 |       |       ||    54
         Constrict         |    17 |    19 |     2 ||    38
         Punch             |     3 |     4 |     1 ||     8
         Tentacles         |     9 |    18 |     2 ||    29
         Dagger            |    28 |    76 |       ||   104
         Whip              |       |    19 |    21 ||    40
    Use: Scroll            |     3 |     7 |     3 ||    13
         Potion            |       |       |     1 ||     1
   Stab: Sleeping          |    11 |     5 |     2 ||    18
         Distracted        |     1 |       |       ||     1
 Armour: Skin              |    32 |    55 |    17 ||   104
  Dodge: Dodged            |    50 |    55 |    13 ||   118
  Block: Buckler           |       |    13 |     9 ||    22
